 Dungeon Crawl Stone Soup version 0.22.0-16-gc6d26f69f9 (webtiles) character file.

52 IceCat the Charmwright (level 3, 0/31 HPs)
             Began as a Gnoll Skald on Aug 17, 2018.
             Shot with an arrow by a centaur (13 damage)
             ... on level 2 of the Dungeon.
             The game lasted 00:02:18 (909 turns).

IceCat the Charmwright (Gnoll Skald)                 Turns: 909, Time: 00:02:18

Health: 0/31       AC:  3    Str: 14    XL:     3   Next: 85%
Magic:  3/9        EV: 14    Int: 15    God:
Gold:   74         SH:  0    Dex: 14    Spells: 4/12 levels left

rFire    . . .     SeeInvis .     - Unarmed
rCold    . . .     Gourm    .   (no shield)
rNeg     . . .     Faith    .   a - +0 leather armour
rPois    .         Spirit   .   (no helmet)
rElec    .         Reflect  .   (no cloak)
rCorr    .         Harm     .   (no gloves)
MR       .....                  (no boots)
Stlth    +.........             b - amulet of rage
HPRegen  1.10/turn              (no ring)
MPRegen  0.11/turn              (no ring)

@: shrouded, infused, regenerating
A: distributed training, fangs 1, strong nose
a: Evoke Berserk Rage


You were on level 2 of the Dungeon.
You were not hungry.

You visited 1 branch of the dungeon, and saw 2 of its levels.

You collected 74 gold pieces.

Inventory:

Missiles
 e - 8 tomahawks (quivered)
Armour
 a - a +0 leather armour (worn)
Jewellery
 b - an amulet of rage (around neck)
Scrolls
 d - 3 scrolls of enchant weapon {unknown}
 g - a scroll of random uselessness {unknown}
Comestibles
 c - 4 rations
 f - a chunk of flesh


   Skills:
 + Level 4.5 Fighting
 + Level 0.9 Short Blades
 + Level 0.9 Long Blades
 + Level 0.9 Axes
 + Level 0.9 Maces & Flails
 + Level 0.9 Polearms
 + Level 0.9 Staves
 + Level 0.9 Slings
 + Level 0.9 Bows
 + Level 0.9 Crossbows
 + Level 0.9 Throwing
 + Level 2.6 Armour
 + Level 4.5 Dodging
 + Level 0.9 Stealth
 + Level 0.9 Shields
 + Level 4.5 Unarmed Combat
 + Level 5.0 Spellcasting
 + Level 0.6 Conjurations
 + Level 0.6 Hexes
 + Level 5.4 Charms
 + Level 0.6 Summonings
 + Level 0.6 Necromancy
 + Level 0.6 Translocations
 + Level 0.6 Transmutations
 + Level 0.6 Fire Magic
 + Level 0.6 Ice Magic
 + Level 0.6 Air Magic
 + Level 0.6 Earth Magic
 + Level 0.6 Poison Magic
 + Level 1.0 Invocations
 + Level 0.9 Evocations


You had 4 spell levels left.
You knew the following spells:

 Your Spells              Type           Power        Failure   Level  Hunger
a - Infusion              Chrm           ###.         2%          1    None
b - Song of Slaying       Chrm           ###.....     3%          2    ##.....
c - Shroud of Golubria    Chrm/Tloc      ##........   9%          2    ##.....
d - Regeneration          Chrm/Necr      ##........   17%         3    ###....

Your spell library contained the following spells:

 Spells                   Type           Power        Failure   Level  Hunger
 Spectral Weapon          Hex/Chrm       ##......     17%         3    ###....


Dungeon Overview and Level Annotations

Branches:
Dungeon (2/15)

Altars:
Xom


Innate Abilities, Weirdness & Mutations

Your experience applies equally to all skills.
You have very sharp teeth.
Your uncanny sense of smell can sniff out nearby items.


Message History

You see here an arrow.
You hit the hobgoblin.
You kill the hobgoblin!
Throwing (i - inventory)
e - 8 tomahawks (quivered)
Press: ? - help, Shift-Dir - straight line, f - centaur
Aim: a centaur, wielding a shortbow
Okay, then.
Things that are here:
a club; 14 stones Cast which spell? (? or * to list) Space distorts slightly along a thin shroud covering your body.
Casting: Shroud of Golubria (safe; 9% risk of failure)
Confirm with . or Enter, or press ? or * to list all spells.
Your skin crawls.
Casting: Regeneration (safe; 17% risk of failure)
Confirm with . or Enter, or press ? or * to list all spells.
You begin infusing your attacks with magical energy.
The centaur shoots an arrow.
The arrow hits you!
The centaur shoots an arrow.
The arrow hits you!
You die...

.'........# ##........#
##'##+### #.# #.# #.#
#.# #.# ∆ #.## #.#
##..##### #.#
#.......## #.#######...
#........# #..(@....$.#
#........###.c####....#
#........((...# ..'
#.......####..# #
#.......# #..#
#.._....# ...#
#.......# #.c##
#.......# #..#
######.## #..#


You could see a centaur.

Vanquished Creatures
  An ooze (D:1)
  2 dart slugs (D:2)
  3 leopard geckos
  A ball python (D:1)
  3 giant cockroaches (D:1)
  5 goblins
  4 hobgoblins
  3 jackals (D:1)
  3 kobolds (D:1)
  5 bats
  4 frilled lizards
  3 rats
37 creatures vanquished.

Notes
Turn   | Place    | Note
-------+----------+-------------------------------------------
     0 | D:1      | IceCat the Gnoll Skald began the quest for the Orb.
     0 | D:1      | Reached XP level 1. HP: 20/20 MP: 6/6
    63 | D:1      | Reached XP level 2. HP: 19/26 MP: 7/7
   278 | D:1      | Reached XP level 3. HP: 27/31 MP: 9/9
   286 | D:1      | Learned a level 2 spell: Song of Slaying
   289 | D:1      | Learned a level 2 spell: Shroud of Golubria
   293 | D:1      | Learned a level 3 spell: Regeneration
   317 | D:1      | Reached skill level 5 in Spellcasting
   703 | D:2      | Reached skill level 1 in Invocations
   893 | D:2      | Found a shimmering altar of Xom.
   902 | D:2      | Noticed a centaur
   909 | D:2      | Shot with an arrow by a centaur

Skill      XL: |  1  2  3 |
---------------+----------+-----
Spellcasting   | 5 |  5.0
Invocations    | 1 |  1.0
Fighting       | |  4.5
Short Blades   | |  0.9
Long Blades    | |  0.9
Axes           | |  0.9
Maces & Flails | |  0.9
Polearms       | |  0.9
Staves         | |  0.9
Slings         | |  0.9
Bows           | |  0.9
Crossbows      | |  0.9
Throwing       | |  0.9
Armour         | |  2.6
Dodging        | |  4.5
Stealth        | |  0.9
Shields        | |  0.9
Unarmed Combat | |  4.5
Conjurations   | |  0.6
Hexes          | |  0.6
Charms         | |  5.4
Summonings     | |  0.6
Necromancy     | |  0.6
Translocations | |  0.6
Transmutations | |  0.6
Fire Magic     | |  0.6
Ice Magic      | |  0.6
Air Magic      | |  0.6
Earth Magic    | |  0.6
Poison Magic   | |  0.6
Evocations     | |  0.9

Action                   || total
-------------------------++-------
Melee: Unarmed           ||   117
       Bite              ||     9
       Punch             ||     4
 Cast: Regeneration      ||     1
       Shroud of Golubri ||     1
       Infusion          ||     1
 Stab: Sleeping          ||     1
Armor: Leather armour    ||    22
Dodge: Dodged            ||    85
